 Dungeon Crawl Stone Soup version 0.27-a0-1105-g946c659c87 (webtiles) character file.

Game seed: 4498712680110629867

431 1player the Skirmisher (level 7, -1/75 HPs)
             Began as an Ogre Hunter on Apr 30, 2021.
             Was a Follower of Okawaru.
             Slain by a lemure (6 damage)
             ... led by Pikel
             ... on level 3 of the Dungeon.
             The game lasted 00:09:01 (5583 turns).

1player the Skirmisher (Ogre Hunter)                Turns: 5583, Time: 00:09:02

Health: -1/75      AC:  4    Str: 18    XL:     7   Next: 0%
Magic:  9/9        EV: 10    Int: 13    God:    Okawaru [*.....]
Gold:   69         SH:  0    Dex:  9    Spells: 6/6 levels left

rFire    . . .     SeeInvis .   a - +0 short sword
rCold    . . .     Faith    .   (no shield)
rNeg     . . .     Spirit   .   i - +1 robe
rPois    .         Reflect  .   (helmet restricted)
rElec    .         Harm     .   (no cloak)
rCorr    .         Rampage  .   (gloves unavailable)
Will     .....                  (boots unavailable)
Stlth    +.........             (no amulet)
HPRegen  0.22/turn              (no ring)
MPRegen  0.11/turn              (no ring)

@: no status effects
A: large, unfitting armour, tough skin 1
a: Renounce Religion, Heroism


You were on level 3 of the Dungeon.
You worshipped Okawaru.
Okawaru was aware of your devotion.
You visited 1 branch of the dungeon, and saw 4 of its levels.
You also visited: Ossuary.

You collected 69 gold pieces.

Inventory:

Hand Weapons
 a - a +0 short sword (weapon)
 b - a +2 hand axe of freezing
 s - a +0 trident
Missiles
 c - 2 large rocks (quivered)
 d - a throwing net
 j - 7 poisoned darts
Armour
 i - a +1 robe (worn)
Scrolls
 n - a scroll of enchant armour
Potions
 k - 3 potions of curing {@q1}
 p - a potion of resistance {unknown}
 q - 4 potions of might
 r - 2 potions of haste
 t - a potion of brilliance
 u - a potion of degeneration {unknown}
 v - a potion of lignification {unknown}
 w - a potion of flight {unknown}
 x - a potion of invisibility


   Skills:
 + Level 6.1 Fighting
 - Level 4.2 Throwing
 + Level 4.1 Dodging
 - Level 0.6 Stealth
 + Level 3.4 Invocations


You had 6 spell levels left.
You didn't know any spells.
Your spell library was empty.

Dungeon Overview and Level Annotations

Branches:
Dungeon (4/15)            Ossuary (visited)
 Temple: D:4-7

Altars:
Okawaru

Annotations:
D:4 Pikel


Innate Abilities, Weirdness & Mutations

You are too large for most types of armour.
You have tough skin. (AC +1)


Message History

The lemure hits you but does no damage.
You closely miss the lemure.
The lemure is severely wounded.
The lemure hits you.
You hit the lemure but do no damage.
The lemure is severely wounded.
The lemure hits you.
You miss the lemure.
The lemure is severely wounded.
The lemure hits you!
You completely miss the lemure.
The lemure is severely wounded.
The lemure hits you.
* * * LOW HITPOINT WARNING * * *
The lemure hits you.
* * * LOW HITPOINT WARNING * * *
The lemure hits you but does no damage. The lemure hits you.
* * * LOW HITPOINT WARNING * * *
Throw: 5 large rocks
Press: ? - help, Q - select action, (/) - cycle Shift-Dir - straight line, f - lemure
Aim: a lemure (heavily wounded, 53% to hit)
You throw a large rock.
The large rock barely misses the lemure.
The lemure barely misses you.
Throw: 4 large rocks
Press: ? - help, Q - select action, (/) - cycle Shift-Dir - straight line, f/p - lemure
Aim: a lemure (heavily wounded, 53% to hit)
You throw a large rock. The large rock hits the lemure!
The lemure is almost dead.
The lemure hits you but does no damage. x2
Throw: 3 large rocks
Press: ? - help, Q - select action, (/) - cycle Shift-Dir - straight line, f/p - lemure
Aim: a lemure (almost dead, 53% to hit)
You throw a large rock.
The large rock closely misses the lemure.
The lemure hits you.
* * * LOW HITPOINT WARNING * * *
The lemure hits you.
You die...

##.###.#.#.###.# #.........##..
#.# #.#.#.# #.# ##.#######.###.
#.# #.#...###.###...#### #.# #.
#.# #.........##.......# #.###'
##.#####.#####.###.<.##.# #.##..
##...####.......# ##.###.###.#...
...#..##..####### #.............
##...##...###########....###.....
.##.##..........@5.........+.....
...####...###########....###.....
..## ##..# ##.#.# ##.... .## ##.#
###.# ##... ## #.# #.# ##.. # #.#
#.# ##' #.# #####.# #. #.#
#.....# #. # #.# #.##### ##.


You could see a lemure.

Vanquished Creatures
  4 water moccasin zombies (Ossuary)
  An iguana (D:3)
  2 mummies (Ossuary)
  5 adders
  7 adder zombies (Ossuary)
  2 dart slugs (D:3)
  4 endoplasms
  2 giant cockroaches
  4 gnoll zombies (Ossuary)
  2 goblins (D:1)
  3 hobgoblins
  14 jackals
  4 kobolds
  4 quokkas
  4 ball pythons
  7 bats
  4 frilled lizards
  A hobgoblin zombie (Ossuary)
  5 kobold zombies (Ossuary)
  8 orc zombies (Ossuary)
  5 rats
92 creatures vanquished.

Notes
Turn   | Place    | Note
-------+----------+-------------------------------------------
     0 | D:1      | 1player the Ogre Hunter began the quest for the Orb.
     0 | D:1      | Reached XP level 1. HP: 22/22 MP: 1/1
    49 | D:1      | Reached skill level 3 in Fighting
    59 | D:1      | Reached XP level 2. HP: 25/31 MP: 2/2
   351 | D:1      | Found a faded altar of an unknown god.
   389 | D:1      | Became a worshipper of Warmaster Okawaru
   389 | D:1      | Reached * piety under Okawaru
   829 | D:1      | Reached XP level 3. HP: 32/39 MP: 3/3
  1654 | D:2      | Reached skill level 4 in Fighting
  1695 | D:2      | Reached XP level 4. HP: 22/48 MP: 4/4
  3143 | D:3      | Reached skill level 1 in Invocations
  3420 | D:3      | Reached XP level 5. HP: 32/55 MP: 4/6
  4101 | D:4      | Noticed Pikel
  4128 | D:4      | Found a sand-covered staircase.
  4135 | D:4      | Noticed a lemure
  4135 | D:4      | Noticed a lemure
  4135 | D:4      | Noticed a lemure
  4137 | Ossuary  | Entered an ossuary
  4250 | Ossuary  | Reached skill level 5 in Fighting
  4432 | Ossuary  | Reached XP level 6. HP: 40/66 MP: 4/7
  4938 | Ossuary  | Reached skill level 6 in Fighting
  5158 | Ossuary  | HP: 3/67 [mummy (7)]
  5431 | Ossuary  | Reached XP level 7. HP: 71/75 MP: 9/9
  5583 | D:3      | Slain by a lemure

Illustrated notes

Levels and vault maps discovered:
D:1:      ncdulo_smallfort, layout_loops_corners,
          shapermc_ecumenical_altar_mp_urbaneastern, minmay_pentomino_w2
D:2:      layout_basic, minivault_23, minmay_misc_feat_diagonals
D:3:      layout_loops_corners, minmay_misc_feat_tower
D:4:      layout_cave_pools, nicolae_overflow_hidden_temple,
          grunt_temple_overflow_open, lightli_ossuary_entry_decrepit_ruins,
          minmay_diced_spiral, uniq_blork_the_orc, uniq_pikel

Skill      XL: |  1  2  3  4  5  6 |
---------------+-------------------+-----
Fighting       | 3 4 5 6 |  6.1
Dodging        | 2 3 4 |  4.1
Invocations    | 1 2 3 |  3.4
Throwing       | |  4.2
Stealth        | |  0.6

Action                   |  1- 3 |  4- 6 |  7- 9 || total
-------------------------+-------+-------+-------++-------
Melee: Short sword       |    76 |       |     6 ||    82
       Hand axe          |    36 |   215 |     8 ||   259
Throw: Large rock        |     1 |     9 |     3 ||    13
       Throwing net      |       |     3 |       ||     3
Invok: Heroism           |       |     3 |       ||     3
  Use: Scroll            |       |    10 |     4 ||    14
       Potion            |       |     2 |       ||     2
 Stab: Sleeping          |       |     2 |       ||     2
Armor: Robe              |    44 |    72 |     5 ||   121
Dodge: Dodged            |    64 |   130 |     8 ||   202

Table legend: (Time is in decaauts)
 A = Elapsed time spent in this place.
 B = Non-inter-level travel time spent in this place.
 C = Inter-level travel time spent in this place.
 D = Time resting spent in this place.
 E = Time spent auto-exploring this place.
 F = Levels seen in this place.
 G = Mean time per level.
                   A        B        C        D        E       F      G
               +--------+--------+--------+--------+--------+-----+--------+
         Total |   5666 |   5566 |    100 |   2285 |   2276 |   5 | 1133.2 |
       Dungeon |   4235 |   4135 |    100 |   1299 |   2191 |   4 | 1058.8 |
       Ossuary |   1430 |   1430 |      0 |    986 |     85 |   1 | 1430.0 |
               +--------+--------+--------+--------+--------+-----+--------+

Top non-repeatable levels by time:
     D:1: 1602 daAuts
 Ossuary: 1430 daAuts
     D:3: 1329 daAuts
     D:2: 1267 daAuts
     D:4: 35 daAuts
